 Dungeon Crawl Stone Soup version 0.22-a0-284-g99d1f74 (webtiles) character file.

85 mhoghedin the Ruffian (level 4, -4/36 HPs)
             Began as a Ghoul Warper on Mar 20, 2018.
             Slain by a gnoll
             ... wielding a +0 spear
              (5 damage)
             ... on level 2 of the Dungeon.
             The game lasted 00:03:35 (1691 turns).

mhoghedin the Ruffian (Ghoul Warper)                Turns: 1691, Time: 00:03:35

Health: -4/36      AC:  3    Str: 14      XL:     4   Next: 48%
Magic:  5/5        EV: 11    Int: 13      God:
Gold:   203        SH:  0    Dex:  8 (9)  Spells: 6/6 levels left

rFire    . . .     SeeInvis .     - Unarmed
rCold    + . .     Gourm    .   (no shield)
rNeg     + + +     Faith    .   a - +0 leather armour
rPois    ∞         Spirit   .   (no helmet)
rElec    .         Reflect  .   (no cloak)
rCorr    .         Harm     .   (no gloves)
MR       .....                  (no boots)
Stlth    +.........             (no amulet)
HPRegen  0.00/turn              (no ring)
MPRegen  0.09/turn              (no ring)

@: brilliant, rotting
A: rotting body, claws 1, carnivore, cold resistance 1, negative energy
resistance 3, inhibited regeneration, torment resistance, unbreathing
a: no special abilities


You were on level 2 of the Dungeon.
You were not hungry.

You visited 1 branch of the dungeon, and saw 2 of its levels.

You collected 203 gold pieces.

Inventory:

Hand Weapons
 b - a +0 short sword
   (You took it off a kobold on level 1 of the Dungeon)
Missiles
 d - 5 tomahawks of dispersal {=f}
Armour
 a - a +0 leather armour (worn)
Scrolls
 c - a scroll of blinking {!r}
 h - a scroll of random uselessness {unknown}
 i - a scroll of remove curse {unknown}
Comestibles
 f - 5 rations
 g - 5 chunks of flesh {@w0}


   Skills:
 - Level 2.1 Fighting
 - Level 0.8 Throwing
 - Level 0.8 Armour
 - Level 1.7 Dodging
 + Level 5.0 Unarmed Combat
 - Level 1.7 Spellcasting
   Level 2.6 Translocations


You had 6 spell levels left.
You didn't know any spells.

Dungeon Overview and Level Annotations

Branches:
Dungeon (2/15)

Altars:
Okawaru


Innate Abilities, Weirdness & Mutations

Your body is rotting away.
You thrive on raw meat.
You are immune to poison.
You have sharp fingernails.
You are carnivorous and can eat meat at any time.
Your flesh is cold resistant. (rC+)
You are immune to negative energy. (rN+++)
You do not regenerate when monsters are visible.
You are immune to unholy pain and torment.
You can survive without breathing.


Message History

You scratch the goblin.
You kill the goblin!
You feel your strength returning.
No target in view!
No target in view!
No target in view!
No target in view!
No target in view!
No target in view!
No target in view!
No target in view!
No target in view!
No target in view!
No target in view!
No target in view!
No target in view!
No target in view!
No target in view!
f - 5 rations (gained 1)
You now have 203 gold pieces (gained 14).
There is an open door here.
An adder comes into view.
The adder hisses angrily.
You regained 3 hp, and now have 32/36 hp.
An adder is nearby!
An adder is nearby!
You barely miss the adder. The adder barely misses you. The adder bites you.
You take 3 damage, and have 29/36 hp.
You barely miss the adder. The adder bites you but does no damage.
You barely miss the adder. The adder barely misses you.
You closely miss the adder. The adder bites you.
You take 1 damage, and have 28/36 hp.
You scratch the adder. The adder closely misses you.
You barely miss the adder. The adder bites you. The adder misses you.
You take 2 damage, and have 26/36 hp.
You scratch the adder.
You kill the adder!
No target in view!
No target in view!
No target in view!
No target in view!
No target in view!
No target in view!
No target in view!
No target in view!
You see here an adder corpse.
You butcher the adder corpse.
g - 4 chunks of flesh {@w0} (gained 1)
Found a stone staircase leading down.
i - a scroll labeled KYNOTE POY No target in view!
There is an open door here.
A hobgoblin comes into view.
The hobgoblin shouts!
A hobgoblin is nearby!
You claw the hobgoblin!
You kill the hobgoblin!
You see here a hobgoblin corpse.
You butcher the hobgoblin corpse.
g - 5 chunks of flesh {@w0} (gained 1)
There is an open door here.
You open the door.
There is an open door here.
You open the door.
There is an open door here.
You open the door.
There is an open door here.
The gnoll shouts! x2; You hear a shout!
You regained 4 hp, and now have 33/36 hp.
There are monsters nearby!
You aren't carrying any items that you can evoke.
The gnoll hits you with a halberd.
You take 6 damage, and have 27/36 hp.
You claw the gnoll! The gnoll hits you with a halberd!
You take 10 damage, and have 17/36 hp.
MASSIVE DAMAGE!!
Here: a gnoll, wielding a spear and wearing a buckler The floor.
You scratch the gnoll.
You kill the gnoll!
You feel your intelligence returning.
Your Unarmed Combat skill increases to level 5!
The gnoll hits you but does no damage.
It was a potion of brilliance.
You feel clever all of a sudden. The gnoll barely misses you.
The gnoll hits you with a spear. The gnoll closely misses you.
You take 2 damage, and have 15/36 hp.
You barely miss the gnoll. The gnoll hits you with a spear!
* * * LOW HITPOINT WARNING * * *
The gnoll hits you from afar with a spear.
* * * LOW HITPOINT WARNING * * *
You take 12 damage, and have 3/36 hp.
MASSIVE DAMAGE!!
The gnoll hits you from afar with a spear.
* * * LOW HITPOINT WARNING * * *
You take 2 damage, and have 1/36 hp.
There is a stone staircase leading up here.
The gnoll hits you from afar with a spear.
You die...

#### #.#.........#.#.#####.#.....
...###.#............'............
...............#.#.........#.#...
......................g....+.....
...####......#.<.......g...#.#g..
...'.........#.....#'#####.#.....
...####......#.....#.# #.........
...# #......#.....#'###.........
#######.........@.....##.........
#........#......g...##.........
#.#...##.#.......g..##.........
#'#...##.#.#'#'#'#.###.........
.......##.#.#.#.#.#.# #.........
#.......##.#.#.#.#.#.# #.........
........##.#.#.#.#.#)# #.........
........##.#.#.#.#.#.# #........#
.####... #.#.#.#.#.#.#####+##+#÷.


You could see 2 gnolls.

Vanquished Creatures
  2 gnolls (D:2)
  2 adders (D:2)
  A dart slug (D:1)
  A leopard gecko (D:2)
  A ball python (D:1)
  2 giant cockroaches (D:1)
  6 goblins (D:2)
  4 hobgoblins
  4 jackals (D:1)
  7 kobolds
  6 bats
  4 frilled lizards
  4 rats
  A fungus (D:1)
45 creatures vanquished.

Notes
Turn   | Place    | Note
-------+----------+-------------------------------------------
     0 | D:1      | mhoghedin the Ghoul Warper began the quest for the Orb.
     0 | D:1      | Reached XP level 1. HP: 17/17 MP: 2/2
   345 | D:1      | Reached XP level 2. HP: 23/24 MP: 3/3
   373 | D:1      | Reached skill level 3 in Unarmed Combat
   728 | D:1      | HP: 6/24 [jackal (2)]
   754 | D:1      | HP: 6/24 [ball python (1)]
  1034 | D:2      | Reached XP level 3. HP: 28/28 MP: 4/4
  1100 | D:2      | Reached skill level 4 in Unarmed Combat
  1512 | D:2      | Found an iron altar of Okawaru.
  1521 | D:2      | Reached XP level 4. HP: 31/36 MP: 5/5
  1680 | D:2      | Reached skill level 5 in Unarmed Combat
  1684 | D:2      | HP: 5/36 [gnoll/spear (10)]
  1685 | D:2      | HP: 1/36 [gnoll/spear (2)]
  1691 | D:2      | Slain by a gnoll

Vault maps used:
D:1:      dpeg_chamrin_arrival_tetris, supply_closet_lemuel,
          minmay_gold_behind_fungi, minmay_misc_feat_x
D:2:      lemuel_round_altar, first_ration

Skill      XL: |  1  2  3  4 |
---------------+-------------+-----
Unarmed Combat | 3 4 5 |  5.0
Fighting       | |  2.1
Throwing       | |  0.8
Armour         | |  0.8
Dodging        | |  1.7
Spellcasting   | |  1.7
Translocations | |  2.6

Action                   |  1- 3 |  4- 6 || total
-------------------------+-------+-------++-------
Melee: Short sword       |    86 |       ||    86
       Unarmed           |    90 |    22 ||   112
       Punch             |     2 |     1 ||     3
  Use: Potion            |     5 |     1 ||     6
  Eat: Chunk             |    12 |       ||    12
Armor: Leather armour    |    75 |     3 ||    78
Dodge: Dodged            |   115 |     9 ||   124

Table legend:
 A = Spawn XP
 B = Non-spawn XP
 C = Spawn XP percentage of total XP
 D = Spawn monster count
 E = Non-spawn monster count
 F = Spawn count percentage of total count
 G = Total turns spent on level
                    A         B        C        D         E        F      G
               +---------+---------+-------+---------+---------+-------+---------
         Total |       0 |     122 |   0.0 |       0 |      44 |   0.0 |  1691
               +---------+---------+-------+---------+---------+-------+---------
           D:1 |       0 |      36 |   0.0 |       0 |      22 |   0.0 |  1140
           D:2 |       0 |      86 |   0.0 |       0 |      22 |   0.0 |   551
               +---------+---------+-------+---------+---------+-------+---------

Vault maps used:
D:1:      dpeg_chamrin_arrival_tetris, supply_closet_lemuel,
          minmay_gold_behind_fungi, minmay_misc_feat_x
D:2:      lemuel_round_altar, first_ration

Table legend:
 A = Turns spent in this place as a percentage of turns spent in the entire game.
 B = Non-inter-level travel turns spent in this place as a percentage of non-inter-level travel turns spent in the entire game.
 C = Inter-level travel turns spent in this place as a percentage of turns spent in this place.
 D = Turns resting spent in this place as a percentage of non-inter-level travel turns spent in this place.
 E = Turns spent auto-exploring this place as a percentage of non-inter-level travel turns spent in this place.
 F = Non-inter-level travel turns spent in this place divided by the number of levels of this place that you've seen.
                   A       B       C       D       E      F
               +-------+-------+-------+-------+-------+----------------------
         Total | 100.0 | 100.0 |   3.8 |  15.4 |  54.9 | 813.5
       Dungeon | 100.0 | 100.0 |   3.8 |  15.4 |  54.9 | 813.5
               +-------+-------+-------+-------+-------+----------------------

Table legend:
 A = Kills in this place as a percentage of kills in entire the game.
 B = Kills by you in this place as a percentage of kills by you in the entire game.
 C = Kills by friends in this place as a percentage of kills by friends in the entire game.
 D = Other kills in this place as a percentage of other kills in the entire game.
 E = Experience gained in this place as a percentage of experience gained in the entire game.
 F = Experience gained in this place divided by the number of levels of this place that you have seen.
                   A       B       C       D       E      F
               +-------+-------+-------+-------+-------+----------------------
         Total | 100.0 | 100.0 |   N/A |   N/A | 100.0 |  61.0
       Dungeon | 100.0 | 100.0 |   N/A |   N/A | 100.0 |  61.0
               +-------+-------+-------+-------+-------+----------------------
